 Dungeon Crawl Stone Soup version 0.30-a0-782-ge64f9170bb (webtiles) character file.

Game seed: 16813588552948226601

6087 senseless the Fighter (level 10, -2/80 (83) HPs)
             Began as a Demonspawn Fighter on Mar 17, 2023.
             Killed from afar by Erica (17 damage)
             ... with a lance of force
             ... on level 8 of the Dungeon.
             The game lasted 00:19:50 (7276 turns).

senseless the Fighter (Demonspawn Fighter)          Turns: 7276, Time: 00:19:50

HP:   -2/80 (83)    AC: 23    Str: 24    XL:     10   Next: 58%
MP:   10/10         EV: 12    Int: 12    God:
Gold: 378           SH:  6    Dex: 13    Spells: 9/9 levels left

rFire   x . .      SeeInvis .    a - +1 war axe
rCold   . . .      Faith    .    c - +0 buckler
rNeg    . . .      Spirit   .    C - +0 plate armour
rPois   +          Reflect  .    y - +1 helmet "Depouq" {rF- Str+3 Int+3}
rElec   .          Harm     .    (cloak unavailable)
rCorr   .          Rampage  .    s - +0 pair of gloves
Will    .....                    p - +2 pair of boots Stlth
                                 (no amulet)
HPRegen 0.33/turn                f - +5 ring of evasion
MPRegen 0.12/turn                w - ring of poison resistance

@: studying Armour, lightly drained
A: molten scales 1, ignite blood 1, weakness stinger 3
a: no special abilities


You were on level 8 of the Dungeon.
You visited 2 branches of the dungeon, and saw 9 of its levels.
You also visited: Bailey.

You collected 378 gold pieces.

Inventory:

Hand Weapons
 a - a +1 war axe (weapon)
 e - a +2 hand axe of electrocution
 g - a +2 vampiric dagger
 D - a +4 battleaxe
Missiles
 l - 24 boomerangs (quivered)
 v - 4 atropa-tipped darts
 B - 2 throwing nets
Armour
 c - a +0 buckler (worn)
 p - a +2 pair of boots (worn)
 s - a +0 pair of gloves (worn)
 y - the +1 helmet "Depouq" (worn) {rF- Str+3 Int+3}
   (You found it in a bailey)

   Str:       It affects your strength (+3).
   Int:       It affects your intelligence (+3).
   rF:        It makes you vulnerable to fire.
 C - a +0 plate armour (worn)
Jewellery
 f - a +5 ring of evasion (left hand)
 u - a +6 ring of intelligence
 w - a ring of poison resistance (right hand)
Wands
 h - a wand of flame (16)
 m - a wand of charming (7)
Scrolls
 k - a scroll of magic mapping
 o - 2 scrolls of blinking
 q - 2 scrolls of teleportation
 t - 2 scrolls of fear
Potions
 b - a potion of mutation {unknown}
 d - 2 potions of might
 i - 2 potions of attraction
 j - 2 potions of flight
 n - 3 potions of curing
 r - 2 potions of cancellation
 x - a potion of brilliance
 z - 4 potions of heal wounds
 A - a potion of haste {unknown}
 E - a potion of lignification {unknown}


   Skills:
 + Level 9.4 Fighting
 + Level 8.3 Axes
 + Level 9.2 Armour
 + Level 8.5 Shields


You had 9 spell levels left.
You didn't know any spells.
Your spell library contained the following spells:

 Spells                   Type           Power      Damage    Failure   Level
 Foxfire                  Conj/Fire      0%         2x1d4     99%         1
 Summon Small Mammal      Summ           0%         N/A       99%         1
 Cigotuvi's Dreadful Rot  Necr/Pois/Air  0%         N/A       100%        2
 Ozocubu's Armour         Ice            0%         N/A       100%        3
 Dispel Undead            Necr           0%         3d6       100%        4
 Lightning Bolt           Conj/Air       0%         1d11      100%        5
 Silence                  Hex/Air        0%         N/A       100%        5
 Death Channel            Necr           0%         N/A       100%        6
 Summon Hydra             Summ           0%         N/A       100%        7
 Summon Horrible Things   Summ           0%         N/A       100%        8


Dungeon Overview and Level Annotations

Branches:
Dungeon (8/15)             Temple (1/1) D:5          Bailey (visited)
   Lair: D:8-11

Altars:
Ashenzari
Cheibriados
Dithmenos
Fedhas
Gozag
Hepliaklqana
Kikubaaqudgha
Makhleb
Nemelex Xobeh
Qazlal
Ru
Sif Muna
Trog
Uskayaw
Vehumet
Wu Jian
Yredelemnul

Shops:
D:5 [(((

Annotations:
D:8 Erica


Innate Abilities, Weirdness & Mutations

You are partially covered in molten scales. (AC +2)
Your demonic aura sometimes causes spilled blood to erupt in flames.
You have a sharp stinger which inflicts weakening toxins.


Message History

You barely miss something. Something hits you but does no damage.
You hit something. You tail-slap something.
Something hits you but does no damage.
You closely miss something. Something hits you but does no damage.
You closely miss something. Something hits you but does no damage.
You miss something. You block something's attack.
You barely miss something.
Your tail-slap misses something.
Something hits you. Something burns you.
You slash something! Something hits you but does no damage. Something hits you!
Something burns you.
You barely miss something. You tail-slap something.
Something hits you but does no damage.
You miss something. Something hits you! Something burns you.
You barely miss something.
Your tail-slap misses something.
You hear some strange, mumbled words.
Something tries to affect you, but you resist.
You hit something. Something hits you. Something burns you.
You closely miss something. Something hits you. Something burns you.
You completely miss something. Something hits you. Something burns you.
You slash something! You tail-slap something.
You hear some strange, mumbled words.
You are confused.
You closely miss something.
Your tail-slap misses something.
Something hits you but does no damage.
You miss something.
Your tail-slap misses something.
Something hits you but does no damage. x2
Something hits you but does no damage.
You hear some strange, mumbled words.
A lance of force appears from out of thin air!
The lance of force hits you!!
* * * LOW HITPOINT WARNING * * *
You are knocked back by the lance of force.
You bump into the metal wall.
You feel less confused.
You barely miss something. Something hits you but does no damage.
You barely miss something.
Your tail-slap misses something.
You hear some strange, mumbled words.
A lance of force appears from out of thin air!
The lance of force hits you!
You die...

.$....#####
#######......#...#
#.......... #...#
+##........ #.)##
.........#######..#
.........'........##
..[......#.........#
........{#.........#
#+#.....@+.........#
#......#....##########
#......#....##.......#
#......#.....'.......#
#......#.....#.......#
#......####+##.......#
#....................#
#.............########
.........'.....#


There were no monsters in sight!

Vanquished Creatures
  An orc knight (Bailey)
  Pikel (D:4)
  Grinder (D:5)
  Prince Ribbit (D:5)
  Sigmund (D:2)
  6 yaks (D:8)
  A wyvern (D:6)
  2 steam dragons (D:7)
  Duvessa (D:6)
  An ice beast (D:7)
  6 orc warriors
  2 sky beasts
  A centaur (D:7)
  2 phantoms
  2 ogres
  7 kobold brigands
  Blork the orc (D:6)
  2 necrophages
  2 bullfrogs
  2 scorpions
  4 wights (D:7)
  Dowan (D:6)
  A howler monkey (D:5)
  3 hounds
  2 jellies (D:6)
  An iguana (D:5)
  Terence (D:2)
  5 orc wizards
  7 gnolls
  7 adders
  3 worms
  4 dart slugs
  18 orcs
  A ball python (D:2)
  2 bats
  9 endoplasms
  11 giant cockroaches (D:3)
  10 goblins
  3 hobgoblins (D:2)
  11 jackals
  22 kobolds
  7 quokkas
  4 rats
180 creatures vanquished.

Vanquished Creatures (others)
  30 plants (D:2)
30 creatures vanquished.

Grand Total: 210 creatures vanquished

Notes
Turn   | Place    | Note
-------+----------+-------------------------------------------
     0 | D:1      | senseless the Demonspawn Fighter began the quest for the
                  | Orb.
     0 | D:1      | Reached XP level 1. HP: 18/18 MP: 1/1
    34 | D:1      | Gained mutation: You are partially covered in molten
                  | scales. (AC +2) [demonic ancestry]
    34 | D:1      | Reached XP level 2. HP: 13/24 MP: 2/2
   154 | D:1      | Reached XP level 3. HP: 28/29 MP: 3/3
   752 | D:2      | Noticed Terence
   764 | D:2      | Killed Terence
   765 | D:2      | Reached XP level 4. HP: 10/36 MP: 4/4
   770 | D:2      | Got the Writings on the Niveous Boggart
  1176 | D:2      | Noticed Sigmund
  1185 | D:2      | Killed Sigmund
  1186 | D:2      | Gained mutation: You have a small tail. [demonic ancestry]
  1186 | D:2      | Reached XP level 5. HP: 25/42 MP: 5/5
  1186 | D:2      | Gained mutation: Your demonic aura sometimes causes spilled
                  | blood to erupt in flames. [demonic ancestry]
  1186 | D:2      | Reached XP level 6. HP: 29/48 MP: 6/6
  1387 | D:2      | Found a faded altar of an unknown god.
  1760 | D:2      | Reached XP level 7. HP: 61/61 MP: 7/7
  1929 | D:3      | Identified the +0 robe of Hopscotch {rPois Regen+ Str+8
                  | Dex-3}
  3058 | D:4      | Identified the +2 ring mail of the Trombone {rPois rCorr
                  | Dex-3}
  3228 | D:4      | Noticed Pikel
  3236 | D:4      | Killed Pikel
  3237 | D:4      | Gained mutation: You have a tail ending in a sharp stinger.
                  | [demonic ancestry]
  3237 | D:4      | Reached XP level 8. HP: 63/68 MP: 8/8
  3438 | D:5      | Entered Level 5 of the Dungeon
  3612 | D:5      | Noticed Grinder
  3633 | D:5      | Killed Grinder
  3683 | D:5      | Found Fahof's Weapon Boutique.
  3728 | D:5      | Found a staircase to the Ecumenical Temple.
  3736 | Temple   | Entered the Ecumenical Temple
  3974 | D:5      | Noticed Prince Ribbit
  3986 | D:5      | Killed Prince Ribbit
  4209 | D:5      | Found Kolircha's Weapon Shop.
  4343 | D:5      | Found Egitaupti's Weapon Shop.
  4358 | D:5      | Reached XP level 9. HP: 65/74 MP: 9/9
  4480 | D:5      | Found Qiaxkuos's Armour Emporium.
  4765 | D:6      | Noticed Blork the orc
  4771 | D:6      | Killed Blork the orc
  5005 | D:6      | Noticed Dowan
  5006 | D:6      | Noticed Duvessa
  5018 | D:6      | Killed Dowan
  5020 | D:6      | Killed Duvessa
  5551 | D:6      | Identified a scroll of acquirement
  5551 | D:6      | Acquired a manual of Armour
  5684 | D:7      | Found a flagged portal.
  5696 | Bailey   | Entered a bailey
  5775 | Bailey   | Noticed an orc knight
  5802 | Bailey   | Killed an orc knight
  5803 | Bailey   | Gained mutation: You have a sharp stinger which inflicts
                  | weakening toxins. [demonic ancestry]
  5803 | Bailey   | Reached XP level 10. HP: 39/83 MP: 10/10
  5941 | Bailey   | Got the Monograph on Igneous Turbulence
  6070 | Bailey   | Found a bloodstained altar of Trog.
  6086 | Bailey   | Identified the +1 helmet "Depouq" {rF- Str+3 Int+3}
  6401 | D:7      | Identified the +3 short sword of Xaxkah {heavy, rPois rF-
                  | rC+ rCorr Str+2}
  7245 | D:8      | Noticed Erica
  7276 | D:8      | Killed from afar by Erica

Illustrated notes

Levels and vault maps discovered:
D:1:      psy_arrival_basics, layout_basic, minmay_pentomino_t2
D:2:      wad_woods_tower, layout_basic, nicolae_ecumenical_lake_church,
          minivault_11, uniq_terence, uniq_sigmund
D:3:      minmay_roachtagon, layout_loops_ring, hex_large
D:4:      layout_loops_corners, uniq_pikel
D:5:      layout_basic, temple_doors_cd, serial_shops, nicolae_shop_crystal,
          nicolae_shop_bloodbath_and_beyond, kennysheep_mini_moat,
          nicolae_shop_hallway_stairs, chequers_serial_rivers_small_a,
          kennysheep_small_spiral, amcnicky_mini_rare_corridor_liquid,
          uniq_grinder, uniq_prince_ribbit1
D:6:      layout_loops_cross, minmay_circle_x, uniq_blork_the_orc, uniq_duvessa
D:7:      layout_basic, enter_bailey_2, grunt_ogre_cave, grunt_ministairs_1
D:8:      layout_gridville, uniq_maggie, uniq_grum, uniq_erica, uniq_gastronok
Temple:   nicolae_temple_bog_church

Skill      XL: |  1  2  3  4  5  6  7  8  9 10 |
---------------+-------------------------------+-----
Axes           | 2 3 6 7 8 |  8.3
Armour         | 3 6 7 8 9 |  9.2
Shields        | 3 6 7 8 |  8.5
Fighting       | 4 7 8 9 |  9.4

Action                     |  1- 3 |  4- 6 |  7- 9 | 10-12 || total
---------------------------+-------+-------+-------+-------++-------
  Melee: War axe           |    62 |    77 |   279 |   102 ||   520
         Tailslap          |       |     2 |    35 |    20 ||    57
    Use: Scroll            |       |     8 |    12 |     3 ||    23
         Potion            |       |     1 |     1 |       ||     2
 Armour: Scale mail        |    36 |       |       |       ||    36
         Chain mail        |       |    54 |   109 |       ||   163
         Plate armour      |       |       |    44 |    62 ||   106
  Dodge: Dodged            |    27 |    33 |    79 |    65 ||   204
  Block: Buckler           |     9 |    15 |    70 |    26 ||   120

Table legend: (Time is in decaauts)
 A = Elapsed time spent in this place.
 B = Non-inter-level travel time spent in this place.
 C = Inter-level travel time spent in this place.
 D = Time resting spent in this place.
 E = Time spent auto-exploring this place.
 F = Levels seen in this place.
 G = Mean time per level.
                   A        B        C        D        E       F      G
               +--------+--------+--------+--------+--------+-----+--------+
         Total |   7410 |   7157 |    253 |    282 |   5561 |  10 |  741.0 |
       Dungeon |   6771 |   6531 |    240 |    282 |   5085 |   8 |  846.4 |
        Temple |    184 |    171 |     13 |      0 |    155 |   1 |  184.0 |
        Bailey |    454 |    454 |      0 |      0 |    320 |   1 |  454.0 |
               +--------+--------+--------+--------+--------+-----+--------+

Top non-repeatable levels by time:
     D:5: 1137 daAuts
     D:7: 1120 daAuts
     D:2: 1072 daAuts
     D:4: 941 daAuts
     D:6: 837 daAuts
     D:1: 763 daAuts
     D:3: 735 daAuts
  Bailey: 454 daAuts
  Temple: 184 daAuts
     D:8: 162 daAuts
